 Dungeon Crawl Stone Soup version 0.31-a0-355-g57cb03d3e8 (webtiles) character file.

Game seed: 7875873441511005423

726 Maxmaps the Fighter (level 7, -3/74 HPs)
             Began as a Naga Shapeshifter on July 24, 2023.
             Was an Initiate of the Shining One.
             Slain by an ufetubus (4 damage)
             ... on level 5 of the Dungeon.
             The game lasted 00:03:35 (4098 turns).

Maxmaps the Fighter (Naga Shapeshifter)             Turns: 4098, Time: 00:03:36

Health: -3/74      AC:  5    Str: 23    XL:     7   Next: 72%
Magic:  7/7        EV:  8    Int: 11    God:    the Shining One [......]
Gold:   248        SH:  0    Dex: 11    Spells: 6/6 levels left

rFire   . .          .
                       - Unarmed
rCold   . . .        (no shield)
rNeg    . . .        n - +0 scale mail
rPois   +            (helmet currently unavailable)
rElec   .            (cloak currently unavailable)
rCorr   .            (gloves currently unavailable)
SInv    +            (no barding)
Will    .....        (no amulet) Stlth
                     g - ring of wizardry
HPRegen 0.32/turn    l - +6 ring of strength
MPRegen 0.10/turn

%: wizardry (x1)
@: short of breath, beast-form, glowing, studying Ranged Weapons, very slow
A: beast (slay +2), AC +2, large, see invisible, deformed body, poison
resistance, slowness 2, spit poison 1, naga tail 1
a: Spit Poison, Begin Untransformation, Renounce Religion


You were on level 5 of the Dungeon.
You worshipped the Shining One.
The Shining One was noncommittal.
You were a hulking beast.
You visited 2 branches of the dungeon, and saw 6 of its levels.

You collected 248 gold pieces.

Inventory:

Armour
 a - a +0 animal skin
 i - a +0 cloak
 n - a +0 scale mail (worn)
 u - the +1 leather armour "Cuuch" {+Inv}
   (You found it on level 2 of the Dungeon)

   +Inv:      It lets you turn invisible.
Jewellery
 g - a ring of wizardry (left hand)
 l - a +6 ring of strength (right hand)
 x - the ring "Zuntese" {Fire rElec rPois Will+}
   (You found it on level 2 of the Dungeon)

   [ring of fire]

   It enhances your fire magic.
   rF:        It protects you from fire.
   rC:        It makes you vulnerable to cold.
   rElec:     It insulates you from electricity.
   rPois:     It protects you from poison.
   Will:      It increases your willpower.
Talismans
 c - a beast talisman
Scrolls
 e - 5 scrolls of identify {unknown}
 j - 2 scrolls of fog {unknown}
 k - a scroll of noise {unknown}
 m - 2 scrolls of blinking {unknown}
 p - a scroll of immolation {unknown}
 s - 2 scrolls of amnesia {unknown}
 t - 2 scrolls of revelation {unknown}
 v - a scroll of fear {unknown}
 y - a scroll of teleportation {unknown}
 A - a scroll of enchant armour {unknown}
 C - a scroll of butterflies {unknown}
Potions
 b - 2 potions of lignification
 d - 2 potions of curing {unknown}
 f - a potion of ambrosia {unknown}
 h - 2 potions of mutation {unknown}
 o - a potion of magic {unknown}
 q - a potion of cancellation {unknown}
 r - a potion of brilliance {unknown}
 w - 2 potions of enlightenment {unknown}
 z - 2 potions of haste {unknown}
 B - 3 potions of degeneration {unknown}
 D - 2 potions of might {unknown}
 E - a potion of berserk rage {unknown}


   Skills:
 + Level 8.3 Fighting
 - Level 1.5 Dodging
 - Level 3.1 Unarmed Combat
 - Level 3.0 Shapeshifting


You had 6 spell levels left.
You didn't know any spells.
Your spell library contained the following spells:

 Spells                   Type           Power      Damage    Failure   Level
 Sublimation of Blood     Necr           0%         N/A       47%         2
 Wereblood                Tmut           0%         N/A       47%         2
 Ozocubu's Armour         Ice            0%         N/A       71%         3
 Metabolic Englaciation   Hex/Ice        0%         N/A       100%        5
 Simulacrum               Ice/Necr       0%         N/A       100%        6
 Summon Hydra             Summ           0%         N/A       100%        7


Dungeon Overview and Level Annotations

Branches:
Dungeon (5/15)             Temple (1/1) D:4

Altars:
Ashenzari
Cheibriados
Dithmenos
Elyvilon
Fedhas
Gozag
Hepliaklqana
Kikubaaqudgha
Nemelex Xobeh
Okawaru
Ru
Sif Muna
Uskayaw
Vehumet
Wu Jian
Xom
Yredelemnul
Zin
The Shining One

Shops:
D:1 (

Annotations:
D:5 Blork the orc


Innate Abilities, Weirdness & Mutations

You are a hulking beast.
Your limbs bulge with bestial killing power. (Slay +2)
Your serpentine skin is tough. (AC +2)
You have supernaturally acute eyesight. (SInv)
Armour fits poorly on your strangely shaped body.
Your system is resistant to poisons. (rPois)
You cover ground very slowly.
You can spit poison.
You have a snake-like lower body.


Message History

The puff of frost hits you.
You barely miss Blork the orc.
Blork the orc is heavily wounded.
The ufetubus hits you. x2
Blork the orc hits you with a +0 heavy hand axe!
* * * LOW HITPOINT WARNING * * *
The ufetubus hits you.
* * * LOW HITPOINT WARNING * * *
The ufetubus completely misses you.
Aiming: Spit Poison (1% risk of failure)
Press: ? - help, Shift-Dir - straight line, f - Blork the orc
Aim: Blork the orc, wielding a +0 heavy hand axe and wearing a +0 robe (heavily wounded, 65% to hit)
The splash of poison misses Blork the orc.
The ufetubus hits you.
* * * LOW HITPOINT WARNING * * *
The ufetubus barely misses you.
You hit Blork the orc.
Blork the orc is severely wounded.
The ufetubus hits you.
* * * LOW HITPOINT WARNING * * *
The ufetubus hits you but does no damage.
Blork the orc points at you and mumbles some strange words.
The magic dart hits you.
* * * LOW HITPOINT WARNING * * *
You hit Blork the orc.
Blork the orc is severely wounded.
The ufetubus hits you.
* * * LOW HITPOINT WARNING * * *
The ufetubus barely misses you.
Blork the orc mumbles some strange words.
Blork the orc seems to speed up.
The ufetubus hits you.
* * * LOW HITPOINT WARNING * * *
The ufetubus closely misses you.
You hit Blork the orc but do no damage. Your punch misses Blork the orc.
Blork the orc is severely wounded.
Blork the orc looks braver for a moment.
The ufetubus hits you.
* * * LOW HITPOINT WARNING * * *
The ufetubus hits you.
You die...

###################
######..................
.......####.####.5......
######## #.#...ho..#
...#..(# #.#.##......#
..8#._.####.#.##.##.#.#
)..#...#..............
#.###.#####.#.##.##.#.#
...#...# #.#.##.# ..
.....8.####....... .
.8.#...#....######
########......<.#


You could see Blork the orc (fast) and an ufetubus.

Vanquished Creatures
  Eustachio (D:4)
  A bullfrog (D:4)
  4 scorpions
  An orc priest (D:3)
  A sleepcap (D:4)
  2 iguanas
  An orc wizard (D:3)
  7 adders
  An ufetubus (D:4)
  A worm (D:4)
  2 dart slugs (D:3)
  10 orcs
  7 endoplasms
  3 giant cockroaches
  5 goblins
  6 hobgoblins
  5 quokkas
  7 ball pythons
  12 bats
  A frilled lizard (D:1)
  6 kobolds
  3 rats (D:2)
87 creatures vanquished.

Notes
Turn   | Place    | Note
-------+----------+-------------------------------------------
     0 | D:1      | Maxmaps the Naga Shapeshifter began the quest for the Orb.
     0 | D:1      | Reached XP level 1. HP: 18/18 MP: 1/1
   101 | D:1      | Reached XP level 2. HP: 24/26 MP: 2/2
   173 | D:1      | Reached skill level 2 in Fighting
   376 | D:1      | Found Synoc's Weapon Emporium.
   567 | D:1      | Reached XP level 3. HP: 30/33 MP: 3/3
   865 | D:2      | Reached skill level 3 in Fighting
   978 | D:2      | You fall into a shaft and drop 1 floor!
  1063 | D:3      | Reached XP level 4. HP: 21/44 MP: 4/4
  1179 | D:3      | Reached skill level 4 in Fighting
  1280 | D:3      | Found a shadowy altar of Dithmenos.
  1341 | D:2      | Identified the +1 leather armour "Cuuch" {+Inv}
  1490 | D:2      | Identified the ring "Zuntese" {Fire rElec rPois Will+}
  1678 | D:2      | Reached XP level 5. HP: 44/51 MP: 5/5
  1794 | D:3      | Reached skill level 5 in Fighting
  2348 | D:4      | Reached skill level 6 in Fighting
  2348 | D:4      | Reached XP level 6. HP: 52/62 MP: 6/6
  2394 | D:4      | Found a blossoming altar of Fedhas.
  2667 | D:4      | Noticed Eustachio
  2681 | D:4      | Killed Eustachio
  2682 | D:4      | Reached skill level 7 in Fighting
  2682 | D:4      | Reached XP level 7. HP: 46/72 MP: 7/7
  3226 | D:4      | Found an opulent altar of Gozag.
  3277 | D:4      | Found a staircase to the Ecumenical Temple.
  3435 | Temple   | Entered the Ecumenical Temple
  3451 | Temple   | Became a worshipper of the Shining One
  3566 | D:4      | Found a shimmering blue altar of Sif Muna.
  3625 | D:5      | Entered Level 5 of the Dungeon
  3629 | D:5      | Found a broken altar of Ashenzari.
  3803 | D:5      | Found an ornate altar of the Wu Jian Council.
  3811 | D:5      | Reached skill level 8 in Fighting
  4081 | D:5      | Noticed Blork the orc
  4097 | D:5      | HP: 3/74 [ufetubus (3)]
  4098 | D:5      | HP: 1/74 [ufetubus (1)]
  4098 | D:5      | Slain by an ufetubus

Illustrated notes

Levels and vault maps discovered:
D:1:      dpeg_arrival_arbitrary_c, layout_basic, serial_shops, shop,
          minivault_24
D:2:      layout_rooms, minmay_close_crescents
D:3:      layout_loops_ring, grunt_dithmenos_smoke_and_mirrors
D:4:      layout_loops_ring, kennysheep_orc_sif_temple,
          nicolae_gozag_cash_rules_everything_around_me,
          mainiacjoe_overflow_small_starburst, minmay_temple_entry_fiery,
          uniq_eustachio
D:5:      layout_loops_ring, cheibrodos_ashenzari_chains,
          nicolae_wu_jian_immortal_techniques, uniq_blork_the_orc
Temple:   oiseaux_autumnal_temple

Skill      XL: |  1  2  3  4  5  6  7 |
---------------+----------------------+-----
Fighting       | 2 3 4 6 7 8 |  8.3
Dodging        | |  1.5
Unarmed Combat | |  3.1
Shapeshifting  | |  3.0

Action                     |  1- 3 |  4- 6 |  7- 9 || total
---------------------------+-------+-------+-------++-------
  Melee: Unarmed           |   102 |   123 |   101 ||   326
         Punch             |     1 |     4 |     5 ||    10
Ability: Spit Poison       |       |     1 |     1 ||     2
    Use: Potion            |       |       |     1 ||     1
 Armour: Animal skin       |    12 |       |       ||    12
         Scale mail        |    22 |    52 |    31 ||   105
         Skin              |       |       |     3 ||     3
  Dodge: Dodged            |    65 |    77 |    43 ||   185

Table legend: (Time is in decaauts)
 A = Elapsed time spent in this place.
 B = Non-inter-level travel time spent in this place.
 C = Inter-level travel time spent in this place.
 D = Time resting spent in this place.
 E = Time spent auto-exploring this place.
 F = Levels seen in this place.
 G = Mean time per level.
                   A        B        C        D        E       F      G
               +--------+--------+--------+--------+--------+-----+--------+
         Total |   5040 |   4789 |    251 |    556 |   3513 |   6 |  840.0 |
       Dungeon |   4995 |   4787 |    208 |    556 |   3513 |   5 |  999.0 |
        Temple |     44 |      2 |     42 |      0 |      0 |   1 |   44.0 |
               +--------+--------+--------+--------+--------+-----+--------+

Top non-repeatable levels by time:
     D:4: 1523 daAuts
     D:3: 1212 daAuts
     D:1: 1016 daAuts
     D:2: 706 daAuts
     D:5: 537 daAuts
  Temple: 44 daAuts
